 Dungeon Crawl Stone Soup version 0.30-a0-341-g682706514a (webtiles) character file.

Game seed: 2958145196428577608

349 retardedninja the Trooper (level 6, -1/56 HPs)
             Began as a Hill Orc Fighter on Nov 1, 2022.
             Slain by a gnoll
             ... wielding a +0 spear
              (3 damage)
             ... on level 5 of the Dungeon on Nov 2, 2022.
             The game lasted 00:06:20 (2285 turns).

retardedninja the Trooper (Hill Orc Fighter)        Turns: 2285, Time: 00:06:21

Health: -1/56      AC:  7    Str: 33    XL:     6   Next: 60%
Magic:  6/6        EV:  9    Int:  8    God:
Gold:   227        SH: 10    Dex: 10    Spells: 5/5 levels left

rFire   . . .      SeeInvis .    a - +0 war axe
rCold   . . .      Faith    .    c - +0 buckler
rNeg    . . .      Spirit   .    b - +0 scale mail
rPois   .          Reflect  +    (no helmet)
rElec   .          Harm     .    (no cloak)
rCorr   .          Rampage  .    (no gloves)
Will    .....                    (no boots)
Stlth   ..........               i - amulet of reflection
HPRegen 0.29/turn                h - +6 ring of strength
MPRegen 0.10/turn                k - +6 ring of strength

@: attractive, hasted, very quick
A: no striking features
a: no special abilities


You were on level 5 of the Dungeon.
You visited 1 branch of the dungeon, and saw 5 of its levels.

You collected 227 gold pieces.

Inventory:

Hand Weapons
 a - a +0 war axe (weapon)
 n - a +0 quick blade
Armour
 b - a +0 scale mail (worn)
 c - a +0 buckler (worn)
Jewellery
 h - a +6 ring of strength (left hand)
 i - an amulet of reflection (around neck)
 k - a +6 ring of strength (right hand)
 s - a +6 ring of intelligence
Wands
 q - a wand of light (5)
Scrolls
 e - 2 scrolls of identify
 f - 2 scrolls of butterflies {unknown}
 g - a scroll of enchant weapon {unknown}
 l - 2 scrolls of magic mapping {unknown}
 p - a scroll of teleportation {unknown}


   Skills:
 + Level 5.3 Fighting
 + Level 4.9 Axes
 + Level 4.8 Armour
 + Level 4.9 Shields


You had 5 spell levels left.
You didn't know any spells.
Your spell library contained the following spells:

 Spells                   Type           Power      Damage    Failure   Level
 Magic Dart               Conj           0%         1d3       71%         1
 Call Imp                 Summ           0%         N/A       85%         2
 Gell's Gravitas          Tloc           0%         N/A       97%         3
 Lesser Beckoning         Tloc           0%         N/A       97%         3
 Mephitic Cloud           Conj/Pois/Air  0%         N/A       97%         3
 Teleport Other           Tloc           0%         N/A       97%         3
 Blade Hands              Tmut           0%         N/A       100%        5
 Irradiate                Conj/Tmut      0%         3d11      100%        5
 Dragon Form              Tmut           0%         N/A       100%        7


Dungeon Overview and Level Annotations

Branches:
Dungeon (5/15)
 Temple: D:4-7

Altars:


Message History

The orc hits you with a +0 hand axe.
* * * LOW HITPOINT WARNING * * *
Unknown command.
You closely miss something. You closely miss the orc.
You hear some strange, mumbled words.
A magic dart appears from out of thin air!
The magic dart hits you!
* * * LOW HITPOINT WARNING * * *
You block the orc's attack. Something hits you but does no damage.
You block the orc's attack.
It was a potion of haste.
You feel yourself speed up. Something hits you but does no damage.
The orc hits you with a +0 hand axe.
* * * LOW HITPOINT WARNING * * *
You slash something!
Reactivating autopickup.
You feel a bit more experienced.
You hit the orc. You block the orc's attack.
The orc hits you but does no damage.
Items here: )) / [[ ††.
There is a stone staircase leading down here.
You can't go up here!
You climb downwards.
The gnoll shouts! x3; The hound barks!
You hear an angry hiss.
You hear a bark!
Found five items.
Found a stone staircase leading down and a stone staircase leading up.
There is a stone staircase leading up here.
It was a potion of attraction.
You feel attractive to monsters. The gnoll is attracted toward you.
The centaur is attracted toward you.
Found 16 gold pieces.
The gnoll hits you but does no damage. You block the gnoll's attack.
An adder comes into view.
The gnoll is attracted toward you. x2; The adder is attracted toward you.
Found a potion of curing.
The gnoll hits you from afar with a +0 halberd.
* * * LOW HITPOINT WARNING * * *
The hound bites you.
* * * LOW HITPOINT WARNING * * *
You block the gnoll's attack.
The gnoll hits you from afar with a +0 spear.
You die...

.$# .#####.#
#######
.....#.#
....).
#...... ....#
#$..$.##....#
#......S§...#
#...#.(g§§#
#..@.g#
...<..?hgg#
.##......c..#
#.###..§#§#
.. #.#.#.# ..
#.#.. # !
#.#.#.
#.#...#


You could see a centaur, a hound, 4 gnolls and an adder.

Vanquished Creatures
  Duvessa (D:4)
  Dowan (D:4)
  A hound (D:3)
  Jessica (D:3)
  3 orc wizards (D:4)
  3 adders (D:2)
  A worm (D:2)
  3 dart slugs
  An orc (D:4)
  5 bats
  2 endoplasms
  A giant cockroach (D:2)
  11 goblins
  6 hobgoblins
  2 quokkas
  8 ball pythons
  A frilled lizard (D:3)
  5 kobolds
  6 rats
62 creatures vanquished.

Notes
Turn   | Place    | Note
-------+----------+-------------------------------------------
     0 | D:1      | retardedninja the Hill Orc Fighter began the quest for the
                  | Orb.
     0 | D:1      | Reached XP level 1. HP: 19/19 MP: 1/1
    77 | D:1      | Found a faded altar of an unknown god.
    87 | D:1      | Reached XP level 2. HP: 20/27 MP: 2/2
   635 | D:2      | Reached skill level 4 in Fighting
   635 | D:2      | Reached XP level 3. HP: 33/33 MP: 3/3
  1062 | D:2      | Reached XP level 4. HP: 38/40 MP: 4/4
  1520 | D:3      | Noticed Jessica
  1532 | D:3      | Killed Jessica
  1723 | D:3      | Reached XP level 5. HP: 43/47 MP: 5/5
  2215 | D:4      | Noticed Duvessa
  2215 | D:4      | Noticed Dowan
  2235 | D:4      | Killed Duvessa
  2236 | D:4      | Reached skill level 5 in Fighting
  2236 | D:4      | Reached XP level 6. HP: 24/56 MP: 6/6
  2254 | D:4      | Killed Dowan
  2282 | D:5      | Entered Level 5 of the Dungeon
  2285 | D:5      | HP: 2/56 [hound (1)]
  2285 | D:5      | Slain by a gnoll

Illustrated notes

Levels and vault maps discovered:
D:1:      heliophobic_arrival_ceremonial_halls, layout_basic,
          nicolae_ecumenical_snake_handling
D:2:      layout_loops_ring, chequers_arboretum
D:3:      layout_rooms, minmay_misc_feat_more_columns,
          chequers_decorated_corner, uniq_jessica
D:4:      layout_rooms, uniq_duvessa
D:5:      layout_basic

Skill      XL: |  1  2  3  4  5 |
---------------+----------------+-----
Axes           | 3 4 |  4.9
Fighting       | 4 5 |  5.3
Shields        | 4 |  4.9
Armour         | 4 |  4.8

Action                   |  1- 3 |  4- 6 || total
-------------------------+-------+-------++-------
Melee: War axe           |    94 |    88 ||   182
Throw: Dart              |     9 |    32 ||    41
  Use: Potion            |       |     8 ||     8
       Scroll            |       |     1 ||     1
 Stab: Invisible         |       |     2 ||     2
Armor: Scale mail        |    45 |    52 ||    97
Dodge: Dodged            |    42 |    23 ||    65
Block: Buckler           |    43 |    55 ||    98
       Reflection        |     2 |       ||     2

Table legend: (Time is in decaauts)
 A = Elapsed time spent in this place.
 B = Non-inter-level travel time spent in this place.
 C = Inter-level travel time spent in this place.
 D = Time resting spent in this place.
 E = Time spent auto-exploring this place.
 F = Levels seen in this place.
 G = Mean time per level.
                   A        B        C        D        E       F      G
               +--------+--------+--------+--------+--------+-----+--------+
         Total |   2347 |   2276 |     71 |      0 |   1742 |   5 |  469.4 |
       Dungeon |   2347 |   2276 |     71 |      0 |   1742 |   5 |  469.4 |
               +--------+--------+--------+--------+--------+-----+--------+

Top non-repeatable levels by time:
     D:2: 847 daAuts
     D:1: 647 daAuts
     D:3: 643 daAuts
     D:4: 207 daAuts
     D:5: 1 daAuts
